 Dungeon Crawl Stone Soup version 0.22.1-2-g9c5b331 (webtiles) character file.

147 MalarOregon the Poker (level 5, 0/40 HPs)
             Began as a Merfolk Skald on Nov 28, 2018.
             Slain by an adder (1 damage)
             ... on level 2 of the Dungeon.
             The game lasted 00:05:13 (2192 turns).

MalarOregon the Poker (Merfolk Skald)               Turns: 2192, Time: 00:05:13

Health: 0/40       AC:  5    Str: 11    XL:     5   Next: 29%
Magic:  5/8        EV: 13    Int: 16    God:
Gold:   173        SH:  0    Dex: 14    Spells: 5/9 levels left

rFire    . . .     SeeInvis .   a - +0 spear
rCold    . . .     Gourm    .   (no shield)
rNeg     . . .     Faith    .   b - +0 leather armour
rPois    .         Spirit   .   n - +0 helmet of Failure {Int+3} (curse)
rElec    .         Reflect  .   (no cloak)
rCorr    .         Harm     .   (no gloves)
MR       .....                  d - +0 pair of boots
Stlth    +.........             (no amulet)
HPRegen  0.13/turn              (no ring)
MPRegen  0.11/turn              (no ring)

@: very slightly contaminated
A: change form in water, swift swim, stealthy swim
a: no special abilities


You were on level 2 of the Dungeon.
You were not hungry.

You visited 1 branch of the dungeon, and saw 2 of its levels.

You collected 173 gold pieces.

Inventory:

Hand Weapons
 a - a +0 spear (weapon)
Armour
 b - a +0 leather armour (worn)
 d - a +0 pair of boots (worn)
   (You found it on level 1 of the Dungeon)
 n - the cursed +0 helmet of Failure (worn) {Int+3}
   (You took it off Robin on level 1 of the Dungeon)

   It affects your intelligence (+3).
   It has a curse placed upon it.
Scrolls
 c - a scroll of fear {unknown}
 g - a scroll of teleportation {unknown}
 h - a scroll of blinking {unknown}
 j - a scroll of noise {unknown}
 m - 2 scrolls of identify {unknown}
 t - a scroll of magic mapping {unknown}
Potions
 f - 2 potions of might {unknown}
 i - a potion of degeneration {unknown}
 k - a potion of heal wounds {unknown}
 l - a potion of agility {unknown}
 o - 2 potions of flight {unknown}
 q - a potion of cancellation {unknown}
 r - a potion of invisibility {unknown}
 s - a potion of curing {unknown}
Comestibles
 e - 6 rations {!d}


   Skills:
 + Level 2.9 Fighting
 * Level 4.6 Polearms
 + Level 1.4 Armour
 + Level 3.7 Dodging
 + Level 2.5 Spellcasting
 + Level 0.3 Hexes
 + Level 3.8 Charms


You had 5 spell levels left.
You knew the following spells:

 Your Spells              Type           Power        Failure   Level  Hunger
a - Infusion              Chrm           ##..         5%          1    #......
t - Spectral Weapon       Hex/Chrm       #.......     32%         3    ###....

Your spell library contained the following spells:

 Spells                   Type           Power        Failure   Level  Hunger
 Song of Slaying          Chrm           ##......     9%          2    ##.....
 Shroud of Golubria       Chrm/Tloc      #.........   19%         2    ##.....
 Regeneration             Chrm/Necr      #.........   34%         3    ###....


Dungeon Overview and Level Annotations

Branches:
Dungeon (2/15)

Altars:
Okawaru


Message History

You reach to attack!
You closely miss the kobold. You barely miss the kobold.
You closely miss the kobold. The kobold barely misses you.
You closely miss the kobold. The kobold completely misses you.
You miss the kobold. The kobold barely misses you.
You closely miss the kobold. The kobold closely misses you.
You barely miss the kobold. The kobold barely misses you.
You hit the kobold but do no damage. The kobold hits you but does no damage.
You hit the kobold.
You kill the kobold!
No target in view!
No target in view!
No target in view!
No target in view!
No target in view!
No target in view!
No target in view!
No target in view!
No target in view!
No target in view!
No target in view!
No target in view!
You see here a dagger.
A centaur comes into view.
Found a scroll labeled ESSEIDGH QU ERU.
A centaur is nearby!
A centaur is nearby!
The centaur shouts!
You hear an angry hiss.
The centaur wields a glowing shortbow.
It is covered in frost.
The centaur shoots an arrow.
The arrow hits you! The arrow freezes you.
You see here an arrow.
The centaur shoots an arrow.
The arrow barely misses you.
A kobold comes into view.
You hear an angry hiss.
An adder comes into view.
The adder hisses angrily.
The centaur shoots an arrow.
The arrow hits you!
* * * LOW HITPOINT WARNING * * *
The arrow freezes you.
* * * LOW HITPOINT WARNING * * *
The centaur unwields an uncursed shortbow of freezing.
The centaur hits you.
* * * LOW HITPOINT WARNING * * *
The centaur completely misses you.
You miscast Spectral Weapon.
You are very lightly contaminated with residual magic.
Strange energies run through your body. The centaur hits you!
* * * LOW HITPOINT WARNING * * *
The adder bites you.
You die...

≈≈≈≈≈K. .≈≈≈... .≈≈≈≈K.#
≈≈≈≈....##
≈≈≈≈.≈#..###########
≈≈≈≈≈≈.#.##........#
≈≈≈≈≈.S#...........#####
.≈.≈≈.c@..(>.(..........
..≈..≈#####........####.
######### #.............
#......########.............
#...((..(.).................
#......########..##.####....
###.....#######.###...###.#.
#.÷#...........####.).....
#..####.######.......<...#


You could see a centaur, an adder and a kobold (wandering).

Vanquished Creatures
  Natasha (D:2)
  Robin (D:1)
  A gnoll (D:1)
  2 adders (D:2)
  5 oozes
  A worm (D:2)
  2 dart slugs (D:1)
  A leopard gecko (D:1)
  6 bats
  A giant cockroach (D:2)
  12 goblins
  5 hobgoblins
  A jackal (D:1)
  3 quokkas (D:2)
  2 frilled lizards (D:1)
  6 kobolds
  4 rats
54 creatures vanquished.

Notes
Turn   | Place    | Note
-------+----------+-------------------------------------------
     0 | D:1      | MalarOregon the Merfolk Skald began the quest for the Orb.
     0 | D:1      | Reached XP level 1. HP: 16/16 MP: 3/3
    91 | D:1      | Reached XP level 2. HP: 4/23 MP: 3/5
   188 | D:1      | HP: 1/23 [ooze (4)]
   265 | D:1      | Reached skill level 1 in Armour
   265 | D:1      | Reached XP level 3. HP: 4/28 MP: 6/6
   553 | D:1      | Learned a level 3 spell: Spectral Weapon
   815 | D:1      | Reached skill level 4 in Polearms
   935 | D:1      | Reached XP level 4. HP: 25/34 MP: 7/7
  1125 | D:2      | Noticed Robin
  1156 | D:1      | Killed Robin
  1158 | D:1      | Got a translucent helmet
  1164 | D:1      | Identified the cursed +0 helmet of Failure {Int+3} (You
                  | took it off Robin on level 1 of the Dungeon)
  1676 | D:2      | Reached XP level 5. HP: 9/39 MP: 8/8
  1898 | D:2      | Found an iron altar of Okawaru.
  2019 | D:2      | Noticed Natasha
  2031 | D:2      | Killed Natasha
  2187 | D:2      | Noticed a centaur
  2192 | D:2      | HP: 1/40 [centaur (8)]
  2192 | D:2      | Slain by an adder

Skill      XL: |  1  2  3 |
---------------+----------+-----
Dodging        | 3 |  3.7
Armour         | 1 |  1.4
Polearms       | 4 |  4.6
Fighting       | |  2.9
Spellcasting   | |  2.5
Hexes          | |  0.3
Charms         | |  3.8

Action                   |  1- 3 |  4- 6 || total
-------------------------+-------+-------++-------
Melee: Spear             |   109 |   162 ||   271
       Tailslap          |     2 |       ||     2
 Cast: Infusion          |     1 |       ||     1
       Spectral Weapon   |       |     1 ||     1
 Stab: Sleeping          |     1 |     1 ||     2
  Eat: Chunk             |       |     5 ||     5
Armor: Leather armour    |    38 |    32 ||    70
Dodge: Dodged            |    91 |    76 ||   167
